 Dungeon Crawl Stone Soup version 0.28-a0-726-g4a9143789a (webtiles) character file.

Game seed: 507164494492485419

2 beefasarus the Chiller (level 1, 0/13 HPs)
             Began as a Vampire Ice Elementalist on Oct 27, 2021.
             Slain by a goblin (4 damage)
             ... on level 1 of the Dungeon.
             The game lasted 00:02:29 (852 turns).

beefasarus the Chiller (Vampire Ice Elementalist)    Turns: 852, Time: 00:02:30

Health: 0/13       AC:  2    Str:  7    XL:     1   Next: 33%
Magic:  3/3        EV: 12    Int: 17    God:
Gold:   0          SH:  0    Dex: 14    Spells: 3/4 levels left

rFire   . . .      SeeInvis +   (no weapon)
rCold   . . .      Faith    .   (no shield)
rNeg    . . .      Spirit   .   a - +0 robe
rPois   .          Reflect  .   (no helmet)
rElec   .          Harm     .   (no cloak)
rCorr   .          Rampage  .   (no gloves)
Will    .....                   (no boots)
Stlth   ++........              (no amulet)
HPRegen 0.24/turn               (no ring)
MPRegen 0.08/turn               (no ring)

@: healing quickly
A: alive, fangs 3, see invisible, vampiric 1
a: Exsanguinate


You were on level 1 of the Dungeon.
You visited 1 branch of the dungeon, and saw 1 of its levels.

Inventory:

Armour
 a - a +0 robe (worn)


   Skills:
 + Level 2.5 Dodging
 + Level 3.0 Stealth
 + Level 2.0 Spellcasting
 + Level 4.0 Ice Magic


You had 3 spell levels left.
You knew the following spells:

 Your Spells              Type           Power      Damage    Failure   Level
a - Freeze                Ice            60%        1d8       3%          1

Your spell library contained the following spells:

 Spells                   Type           Power      Damage    Failure   Level
 Frozen Ramparts          Ice            30%        1d5       11%         3
 Ozocubu's Armour         Ice            15%        N/A       11%         3
 Hailstorm                Conj/Ice       8%         3d4       63%         4


Dungeon Overview and Level Annotations

Branches:
Dungeon (1/15)

Altars:


Innate Abilities, Weirdness & Mutations

Your natural rate of healing is accelerated.
You have razor-sharp teeth.
You have supernaturally acute eyesight. (SInv)
You are afflicted with vampirism.


Message History

A goblin comes into view. It is wielding a +0 dagger.
The goblin shouts!
You miss the goblin. The goblin hits you with a +0 dagger.
You closely miss the goblin. The goblin hits you but does no damage.
You barely miss the goblin. Your bite misses the goblin.
The goblin hits you with a +0 dagger.
You completely miss the goblin. The goblin closely misses you.
You closely miss the goblin. The goblin barely misses you.
You barely miss the goblin. The goblin hits you with a +0 dagger.
You miss the goblin. The goblin hits you with a +0 dagger.
A goblin is nearby!
You hit the goblin but do no damage. The goblin barely misses you.
You closely miss the goblin. The goblin barely misses you.
You closely miss the goblin. The goblin barely misses you.
You hit the goblin.
The goblin is heavily wounded.
The goblin completely misses you.
You hit the goblin.
The goblin is almost dead.
The goblin hits you with a +0 dagger.
You closely miss the goblin.
The goblin is almost dead.
The goblin barely misses you.
You barely miss the goblin.
The goblin is almost dead.
The goblin hits you with a +0 dagger.
You barely miss the goblin.
The goblin is almost dead.
The goblin hits you with a +0 dagger.
A goblin is nearby!
You miss the goblin.
The goblin is almost dead.
The goblin closely misses you.
You barely miss the goblin.
The goblin is almost dead.
The goblin hits you with a +0 dagger.
You barely miss the goblin.
The goblin is almost dead.
The goblin hits you with a +0 dagger.
You die...

#
...##.######
.........g@#
...##.####.#
.. #.# ..#
#.###
#########
#...#
#.......#
###.#
#.......#
#.#
#.......#
#.#
#.......#
####.####


You could see a goblin.

Vanquished Creatures
  A dart slug (D:1)
1 creature vanquished.

Notes
Turn   | Place    | Note
-------+----------+-------------------------------------------
     0 | D:1      | beefasarus the Vampire Ice Elementalist began the quest for
                  | the Orb.
     0 | D:1      | Reached XP level 1. HP: 13/13 MP: 3/3
   852 | D:1      | Slain by a goblin

Illustrated notes

Levels and vault maps discovered:
D:1:      nagdon_arrival_double_spiral, layout_loops_cross,
          hellmonk_ecumenical_altar_zigzags, serial_forest,
          infiniplex_forest_lined_2, infiniplex_forest_clump_diagonal,
          infiniplex_forest_lined_room_3, infiniplex_forest_clump_cross,
          infiniplex_forest_straight_2, infiniplex_forest_corner_1,
          infiniplex_forest_end_2, infiniplex_forest_zigzag_2

Action                   || total
-------------------------++-------
Melee: Unarmed           ||    32
       Bite              ||     2
Armor: Robe              ||     2
Dodge: Dodged            ||    13

Table legend: (Time is in decaauts)
 A = Elapsed time spent in this place.
 B = Non-inter-level travel time spent in this place.
 C = Inter-level travel time spent in this place.
 D = Time resting spent in this place.
 E = Time spent auto-exploring this place.
 F = Levels seen in this place.
 G = Mean time per level.
                   A        B        C        D        E       F      G
               +--------+--------+--------+--------+--------+-----+--------+
         Total |    901 |    866 |     35 |    670 |      0 |   1 |  901.0 |
       Dungeon |    901 |    866 |     35 |    670 |      0 |   1 |  901.0 |
               +--------+--------+--------+--------+--------+-----+--------+

Top non-repeatable levels by time:
     D:1: 901 daAuts
